 Dungeon Crawl Stone Soup version 0.21-a0-94-gdd6ab6a (webtiles) character file.

161 Musica the Skirmisher (level 5, -2/47 HPs)
             Began as a Minotaur Fighter on July 3, 2017.
             Was an Initiate of Elyvilon.
             Slain by a two-headed ogre
             ... wielding a +0 giant spiked club
              (23 damage)
             ... on level 4 of the Dungeon.
             The game lasted 00:07:32 (2129 turns).

Musica the Skirmisher (Minotaur Fighter)            Turns: 2129, Time: 00:07:33

Health: -2/47      AC:  7    Str: 25    XL:     5   Next: 18%
Magic:  4/4        EV:  7    Int:  5    God:    Elyvilon [......]
Gold:   135        SH: 10    Dex: 11    Spells: 4/4 levels left

rFire    . . .     SeeInvis .   s - -2 war axe (curse)
rCold    . . .     Gourm    .   c - +0 shield
rNeg     . . .     Faith    .   b - +0 scale mail
rPois    .         Spirit   .   (helmet restricted)
rElec    .         Reflect  .   (no cloak)
rCorr    .         Harm     .   (no gloves)
MR       .....                  (no boots)
Stlth    ..........             (no amulet)
HPRegen  0.15/turn              (no ring)
MPRegen  0.09/turn              (no ring)

@: mighty
A: retaliatory headbutt, horns 2
a: Renounce Religion


You were on level 4 of the Dungeon.
You worshipped Elyvilon.
Elyvilon was noncommittal.
You were hungry.

You visited 1 branch of the dungeon, and saw 4 of its levels.

You collected 135 gold pieces.

Inventory:

Hand Weapons
 a - a +0 war axe
 q - a cursed -1 shortbow
 s - a cursed -2 war axe (weapon)
Missiles
 r - 26 arrows
Armour
 b - a +0 scale mail (worn)
 c - a +0 shield (worn)
Jewellery
 n - an uncursed ring of protection from magic
Scrolls
 o - 3 scrolls of identify
 v - a scroll of teleportation
Potions
 e - a potion of cancellation {unknown}
 h - a potion of degeneration {unknown}
 i - a potion of berserk rage {unknown}
 j - 2 potions of curing {unknown}
 k - a potion of resistance {unknown}
 m - a potion of mutation {unknown}
 p - a potion of invisibility {unknown}
Comestibles
 f - 4 bread rations
 g - a meat ration
 l - 4 fruits
 u - a royal jelly


   Skills:
 + Level 4.7 Fighting
 + Level 4.3 Axes
 - Level 3.9 Armour
 + Level 4.7 Shields
 * Level 1.0 Invocations


You had 4 spell levels left.
You didn't know any spells.

Dungeon Overview and Level Annotations

Branches:
Dungeon (4/15)
 Temple: D:4-7

Altars:
Elyvilon


Innate Abilities, Weirdness & Mutations

You reflexively headbutt those who attack you in melee.
You have a pair of horns on your head.


Message History

The hound is severely wounded.
You slash the two-headed ogre! The hound barely misses you.
The two-headed ogre hits you with a giant spiked club.
The two-headed ogre hits you with a giant club.
The hound bites you but does no damage. You block the hound's attack.
You slash the hound!
You kill the hound!
Your Invocations skill increases to level 1!
You have reached level 5!
You hit the two-headed ogre.
The two-headed ogre hits you but does no damage.
The two-headed ogre hits you with a giant club!
You are too injured to fight recklessly!
You are too injured to fight recklessly!
You are too injured to fight recklessly!
You are too injured to fight recklessly!
Your shield and scale mail prevent you from hitting the two-headed ogre.
The two-headed ogre is moderately wounded.
The two-headed ogre hits you with a giant spiked club!!
You die...

.. #.# # #.# ##.
######.## >...
.......##
##...##......####
................##
#.....O@..........
........#.).#...#
#%......#...######
.........###.....#
# ##....#.#
#.####.#
#.##.#.##....# #.#
.#......##..##
###.# .......!.#..
#<..# #<.# #.###


You could see a two-headed ogre.

Vanquished Creatures
  A bullfrog skeleton (D:3)
  A hound (D:4)
  A gnoll (D:1)
  5 adders
  A dart slug (D:2)
  4 leopard geckos
  An orc (D:3)
  A giant cockroach (D:2)
  3 hobgoblins
  3 jackals (D:1)
  2 quokkas (D:3)
  5 bats (D:1)
  A frilled lizard (D:4)
  4 goblins
  7 kobolds
  3 rats
43 creatures vanquished.

Notes
Turn   | Place    | Note
-------+----------+-------------------------------------------
     0 | D:1      | Musica the Minotaur Fighter began the quest for the Orb.
     0 | D:1      | Reached XP level 1. HP: 19/19 MP: 0/0
   285 | D:1      | Reached XP level 2. HP: 22/27 MP: 1/1
   462 | D:1      | Reached XP level 3. HP: 14/33 MP: 2/2
  1400 | D:3      | Reached XP level 4. HP: 37/41 MP: 3/3
  1633 | D:3      | Found a white marble altar of Elyvilon.
  1646 | D:3      | Became a worshipper of Elyvilon the Healer
  2123 | D:4      | Noticed a two-headed ogre
  2128 | D:4      | Reached skill level 1 in Invocations
  2128 | D:4      | Reached XP level 5. HP: 33/47 MP: 4/4
  2129 | D:4      | Slain by a two-headed ogre

Vault maps used:
D:1:      minmay_arrival_loop
D:3:      first_bread, elyvilon_altar_4

Skill      XL: |  1  2  3  4 |
---------------+-------------+-----
Fighting       | 4 |  4.7
Shields        | 4 |  4.7
Axes           | 3 4 |  4.3
Invocations    | 1 |  1.0
Armour         | |  3.9

Action                   |  1- 3 |  4- 6 || total
-------------------------+-------+-------++-------
Melee: War axe           |    68 |    33 ||   101
       Headbutt          |     7 |     5 ||    12
  Use: Scroll            |       |     3 ||     3
       Potion            |       |     1 ||     1
  Eat: Chunk             |     1 |     2 ||     3
Armor: Scale mail        |    29 |    11 ||    40
Dodge: Dodged            |    19 |    10 ||    29
Block: Shield            |    44 |    18 ||    62
